Map: Triton LE

Players

RiSky - Winner!

  • Race: Zerg Zerg
  • Spawn Location: 5:00

RazerBlader

  • Race: Terran Terran
  • Spawn Location: 11:00

Event: IEM Katowice 2020

VOD

Have the link to the VOD?

Description

Time

  • Played on: Feb. 25, 2020, 4:55 a.m.
  • Length: 15:16

All games in this series

Show
View Real Time Build Order
Export as new Build Order

RiSky Zerg - Winner!

Build Orders: Pool First, Swarm Host 

Get SALT Encoding   

  12  0:00  Drone  
  13  0:11  Overlord  
  13  0:17  Drone  
  14  0:30  Drone x2  
  16  0:40  Spawning Pool  
  15  0:44  Drone  
  15  0:47  Drone  
  17  1:08  Hatchery  
  17  1:11  Drone  
  17  1:26  Zergling x4  
  17  1:27  Zergling x2  
  17  1:30  Queen  
  22  1:37  Overlord  
  22  1:57  Drone  
  22  2:00  Extractor, Drone  
  23  2:05  Queen  
  25  2:10  Drone  
  26  2:20  Drone, Queen  
  26  2:21  Drone  
  30  2:31  Overlord  
  30  2:34  Drone  
  31  2:39  Drone x2  
  31  2:40  Drone  
  34  2:51  Hatchery  
  34  2:53  Drone  
  34  2:55  Drone  
  35  3:01  Drone  
  35  3:04  Drone  
  37  3:08  Overlord  
  37  3:12  Drone  
  38  3:15  Drone  
  38  3:16  Drone  
  38  3:17  Drone  
  41  3:21  Metabolic Boost  
  41  3:23  Drone  
  42  3:27  Drone  
  42  3:30  Overlord  
  43  3:34  Drone x3  
  43  3:36  Drone  
  47  3:46  Zergling x2  
  47  3:48  Pneumatized Carapace  
  48  3:50  Drone x2, Queen  
  52  3:56  Overlord  
  52  3:57  Drone x2  
  52  4:00  Overlord  
  54  4:03  Zergling x2  
  54  4:06  Drone x2  
  57  4:13  Drone  
  57  4:14  Drone x2  
  60  4:18  Overlord  
  60  4:19  Drone, Roach Warren  
  60  4:23  Drone  
  61  4:24  Queen  
  63  4:32  Drone x2  
  63  4:34  Zergling x2  
  63  4:35  Overlord  
  63  4:36  Queen  
  68  4:41  Lair  
  68  4:43  Drone  
  69  4:46  Zergling x4  
  69  4:49  Zergling x2  
  69  4:51  Overlord  
  69  4:52  Drone  
  73  4:54  Drone  
  73  4:58  Overlord  
  74  5:00  Drone x2  
  74  5:01  Queen  
  74  5:04  Spore Crawler x2  
  74  5:06  Spore Crawler  
  75  5:08  Extractor  
  75  5:09  Extractor  
  75  5:11  Roach x2  
  75  5:12  Roach  
  75  5:13  Zergling x2  
  75  5:14  Zergling x2  
  79  5:18  Queen  
  83  5:21  Roach  
  83  5:23  Overlord  
  83  5:24  Drone  
  83  5:26  Extractor  
  83  5:27  Extractor  
  83  5:28  Drone  
  83  5:30  Drone x2  
  83  5:34  Drone  
  86  5:39  Drone  
  86  5:40  Drone  
  88  5:45  Overlord  
  88  5:47  Drone x3  
  88  5:48  Drone  
  92  5:51  Drone x2  
  92  5:52  Drone  
  92  5:53  Drone x2  
  92  5:56  Extractor, Drone  
  97  5:59  Drone  
  97  6:00  Drone  
  97  6:02  Hatchery  
  97  6:03  Glial Reconstitution, Drone  
  99  6:09  Drone  
  99  6:16  Drone x2  
  99  6:18  Drone x2  
  103  6:20  Drone, Infestation Pit  
  103  6:21  Overseer  
  103  6:23  Overlord  
  103  6:27  Overlord  
  103  6:36  Overlord x4  
  103  6:39  Overseer  
  103  6:43  Spire  
  103  6:44  Roach x4  
  110  6:48  Roach x2  
  112  6:55  Overlord  
  112  7:01  Overlord  
  112  7:07  Drone x8  
  120  7:14  Drone  
  120  7:15  Drone x2  
  123  7:20  Extractor x2  
  123  7:21  Drone  
  122  7:23  Overlord  
  122  7:24  Evolution Chamber  
  122  7:26  Overlord  
  121  7:35  Spore Crawler  
  121  7:36  Overlord  
  117  7:48  Hatchery, Queen  
  118  7:54  Corruptor x10  
  138  8:04  Zerg Missile Weapons Level 1  
  138  8:18  Swarm Host x6  
  153  8:20  Zergling x26  
  166  8:29  Zergling x2  
  166  8:30  Zergling x2  
  166  8:32  Swarm Host x2  
  174  8:38  Swarm Host x2  
  174  8:46  Swarm Host x4  
  186  8:50  Extractor  
  186  8:53  Extractor  
  172  8:57  Swarm Host x3  
  172  9:01  Swarm Host  
  172  9:05  Zergling x4  
  170  9:11  Zergling x20, Nydus Network  
  179  9:17  Zergling x6  
  179  9:18  Baneling Nest  
  179  9:20  Spine Crawler  
  179  9:21  Ravager  
  179  9:22  Spine Crawler, Roach x3  
  188  9:24  Roach  
  188  9:30  Roach x2  
  187  9:34  Roach x2  
  187  9:36  Roach x2  
  190  9:39  Roach  
  190  9:43  Roach x2  
  190  9:45  Roach  
  198  9:52  Nydus Canal  
  198  9:55  Zerg Flyer Weapons Level 1  
  198  9:56  Drone  
  199  10:00  Centrifical Hooks, Zerg Missile Weapons Level 2  
  199  10:02  Evolution Chamber  
  198  10:12  Corruptor  
  198  10:15  Corruptor x2  
  198  10:16  Corruptor  
  198  10:18  Nydus Canal  
  199  10:33  Overseer  
  199  10:34  Corruptor  
  199  10:43  Nydus Canal  
  199  10:49  Hive  
  197  10:50  Zerg Melee Weapons Level 1  
  197  10:51  Corruptor x5  
  199  11:04  Overseer, Baneling x11  
  199  11:06  Nydus Canal  
  183  11:47  Ravager  
  183  11:48  Zergling x2, Ravager x9  
  183  11:49  Zergling x10  
  183  11:50  Nydus Canal  
  197  12:02  Zergling x4  
  197  12:05  Nydus Canal  
  199  12:21  Baneling x8  
  192  12:28  Hatchery  
  188  12:31  Corruptor x8  
  188  12:32  Corruptor x3  
  188  12:34  Zergling x4  
  188  12:35  Corruptor  
  200  12:45  Zergling x6  
  200  12:48  Corruptor  
  199  13:16  Zergling x20  
  182  13:21  Zergling x14  
  182  13:22  Nydus Canal  
  182  13:27  Zergling x4  
  191  13:29  Roach x2  
  191  13:37  Drone x2  
  185  13:42  Drone x4  
  185  13:45  Roach  
  185  13:47  Extractor, Baneling x14  
  190  13:51  Extractor  
  190  13:53  Roach x2  
  190  13:54  Roach x2  
  193  13:56  Roach x2  
  193  14:00  Roach x2  
  194  14:12  Drone  
  194  14:13  Drone  
  194  14:15  Drone x2  
  197  14:21  Drone x2  
  199  14:25  Nydus Canal  
  193  14:32  Ravager x4  
  193  14:33  Ravager x5  
  196  14:38  Spine Crawler  
  196  14:40  Spine Crawler  
  196  14:44  Nydus Canal  
  194  14:46  Zergling x12  
  194  14:51  Roach x3  
  195  14:55  Roach x3  
Show
View Real Time Build Order
Export as new Build Order

RazerBlader Terran 

Build Orders: Hellion Opening, Reaper Expand, Mech 

Get SALT Encoding   

  12  0:00  SCV  
  13  0:13  SCV  
  14  0:17  Supply Depot  
  14  0:25  SCV  
  15  0:38  SCV  
  15  0:39  Barracks  
  16  0:43  Refinery  
  16  0:50  SCV  
  17  1:02  SCV  
  18  1:15  SCV  
  19  1:26  Reaper  
  19  1:27  Orbital Command  
  20  1:40  Command Center  
  20  1:50  Supply Depot  
  20  1:53  SCV  
  21  1:58  Marine  
  22  2:05  SCV  
  22  2:16  Factory  
  22  2:17  SCV  
  22  2:19  Bunker  
  22  2:21  Barracks Reactor  
  23  2:26  Refinery  
  23  2:29  SCV  
  24  2:41  SCV  
  25  2:53  SCV, Orbital Command  
  26  3:01  Starport  
  26  3:05  SCV  
  26  3:07  Hellion x2  
  26  3:11  Marine  
  32  3:17  SCV  
  32  3:19  SCV  
  34  3:25  Supply Depot  
  34  3:30  SCV  
  34  3:33  Hellion x2  
  39  3:36  SCV  
  39  3:39  Barracks Tech Lab  
  40  3:41  Fusion Core  
  40  3:42  SCV  
  40  3:46  Supply Depot  
  40  3:48  SCV  
  42  3:54  SCV  
  42  3:55  Hellion x2  
  47  4:00  SCV  
  48  4:05  Marine  
  48  4:06  SCV  
  50  4:12  SCV  
  51  4:18  SCV  
  51  4:20  Supply Depot  
  52  4:24  SCV  
  52  4:30  SCV  
  52  4:31  Battlecruiser  
  60  4:37  Command Center  
  60  4:41  SCV  
  60  4:45  Refinery  
  61  4:46  Refinery  
  61  4:48  Hellion  
  61  4:50  SCV  
  61  4:52  Hellion  
  66  4:54  SCV  
  67  5:02  Factory  
  67  5:04  Factory  
  67  5:06  SCV, Supply Depot  
  68  5:09  SCV  
  69  5:18  SCV  
  70  5:27  SCV  
  70  5:28  Hellion x2  
  75  5:30  SCV, Supply Depot  
  76  5:40  SCV  
  77  5:42  SCV  
  77  5:45  Supply Depot  
  77  5:47  Factory Tech Lab  
  77  5:48  Factory Tech Lab, Battlecruiser  
  82  5:52  SCV  
  82  5:53  Hellion x2, Orbital Command  
  86  6:12  Weapon Refit  
  86  6:13  Siege Tank  
  86  6:14  SCV x2  
  86  6:16  Hellion x2  
  95  6:18  Supply Depot  
  95  6:21  Orbital Command  
  95  6:24  Siege Tank  
  98  6:26  SCV  
  98  6:29  Refinery x2  
  98  6:32  Supply Depot x2  
  99  6:37  SCV  
  100  6:40  SCV  
  100  6:42  Hellion x2  
  101  6:55  Battlecruiser  
  109  7:03  Cyclone x2  
  109  7:05  SCV x3  
  116  7:11  Hellion x2  
  116  7:12  Mag-Field Accelerator  
  120  7:17  SCV x2  
  120  7:18  SCV  
  120  7:22  Infernal Pre-Igniter  
  121  7:29  SCV  
  118  7:33  SCV x2  
  118  7:36  Engineering Bay  
  118  7:37  Supply Depot  
  118  7:40  Hellion  
  118  7:41  Cyclone, Hellion  
  118  7:43  SCV, Cyclone  
  129  7:48  SCV x2  
  129  7:49  Supply Depot  
  131  8:00  Armory  
  131  8:01  Armory  
  135  8:05  Hellion x2  
  135  8:09  SCV  
  135  8:10  Missile Turret  
  135  8:12  Missile Turret  
  136  8:13  Cyclone  
  136  8:19  Cyclone  
  142  8:24  SCV  
  144  8:28  Command Center  
  144  8:32  Factory  
  144  8:33  Factory  
  145  8:41  Hellion x2  
  145  8:45  Cyclone  
  150  8:49  SCV  
  150  8:54  Hellion  
  135  9:04  Hellion  
  135  9:05  Battlecruiser  
  135  9:07  SCV x2  
  143  9:11  SCV  
  143  9:15  Missile Turret  
  143  9:16  Missile Turret, Cyclone  
  143  9:17  Factory Reactor, Cyclone, Hellion, Factory Tech Lab  
  149  9:20  Terran Vehicle And Ship Armor Level 1, Terran Vehicle Weapons Level 1  
  152  9:26  Hellion  
  148  9:36  Siege Tank  
  144  9:51  Hellion x2, Siege Tank  
  147  9:56  Hellion  
  147  9:57  Hellion, Siege Tank  
  147  9:58  SCV x2  
  154  10:04  Command Center  
  154  10:11  Command Center  
  151  10:16  Hellion  
  151  10:18  Hellion, Siege Tank  
  156  10:22  Battlecruiser  
  156  10:23  Hellion  
  156  10:24  Hellion, Siege Tank  
  169  10:35  Hellion  
  162  10:42  Hellion  
  162  10:45  Hellion  
  156  10:50  Hellion, Siege Tank  
  156  10:51  Hellion  
  156  10:54  SCV  
  156  10:55  Planetary Fortress  
  156  10:56  Siege Tank x2  
  170  10:59  SCV  
  171  11:08  Hellion x2  
  175  11:12  Hellion  
  175  11:17  Hellion  
  168  11:22  Siege Tank  
  168  11:23  SCV x3  
  165  11:28  Hellion  
  165  11:29  Hellion  
  165  11:30  Hellion x2  
  166  11:33  Hellion  
  166  11:36  SCV  
  166  11:38  Hellion  
  171  11:49  SCV, Siege Tank  
  171  11:50  Siege Tank  
  171  11:51  Hellion x2  
  182  11:54  Hellion, Siege Tank  
  187  12:02  Command Center  
  187  12:11  Supply Depot  
  187  12:12  Supply Depot  
  187  12:13  Terran Vehicle Weapons Level 2  
  187  12:21  Siege Tank  
  188  12:23  Siege Tank  
  188  12:31  Thor, Hellion  
  188  12:37  Hellion x3  
  181  12:38  SCV x2  
  181  12:40  SCV  
  181  12:42  Missile Turret, Refinery  
  181  12:43  Refinery  
  176  12:50  Planetary Fortress  
  174  12:52  Hellion  
  174  12:55  Hellion  
  174  12:56  Hellion  
  168  13:00  Hellion x3  
  168  13:01  SCV  
  162  13:14  Siege Tank  
  162  13:19  Siege Tank  
  158  13:20  Hellion x2  
  158  13:23  Hellion  
  158  13:26  Hellion  
  159  13:33  Hellion  
  158  13:41  Hellion, Siege Tank  
  158  13:44  Hellion  
  158  13:46  Siege Tank  
  158  13:47  Hellion  
  159  13:52  Hellion  
  159  13:54  Hellion  
  163  14:02  Hellion  
  153  14:05  SCV  
  153  14:06  Hellion  
  153  14:09  Hellion  
  158  14:13  Siege Tank x2  
  140  14:18  Hellion, Siege Tank  
  140  14:24  Hellion  
  134  14:28  Hellion  
  138  14:31  Hellion  
  138  14:39  Hellion  

Tags
 
Add a new tag
Caveats
  • Supply blocks, unpowered buildings, or Contaminate may cause inaccurate times.
  • Supply counts are checked every 10 seconds.